 Dungeon Crawl Stone Soup version 0.18.1-47-g9310371 (webtiles) character file.

546403 spiff the Warrior (level 24, 0/219 HPs)
             Began as a Deep Dwarf Fighter on June 18, 2016.
             Was the Champion of Makhleb.
             Slain by an azure jelly (32 damage)
             ... created by the Royal Jelly
             ... on level 5 of the Pits of Slime.
             The game lasted 04:26:00 (53362 turns).

spiff the Warrior (Deep Dwarf Fighter)             Turns: 53362, Time: 04:26:00

Health: 0/219      AC: 20    Str: 30    XL:     24   Next: 91%
Magic:  31/31      EV: 15    Int: 13    God:    Makhleb [******]
Gold:   5380       SH:  8    Dex: 11    Spells: 7 memorised, 27 levels left

rFire  . . .     SeeInvis .     B - +9 executioner's axe (freeze)
rCold  . . .     Gourm    .     j - +14 crystal plate armour "Ereajegh" {MP+9}
rNeg   + . .     Faith    .     (shield currently unavailable)
rPois  .         Spirit   .     X - +0 hat {MR+}
rElec  +         Dismiss  .     l - +2 cloak {+Inv}
rCorr  +         Reflect  +     E - +0 pair of gloves {Str+3}
SustAt .         Harm     .     U - +0 pair of boots
MR     ++++.                    c - brooch of Shielding {Reflect SH+8}
Stlth  ..........               s - ring of resist corrosion
                                Y - ring "Kitzusa" {rElec EV+2 Stlth+}

@: corroded, non-regenerating, studying 2 skills, incredibly resistant to
hostile enchantments, extremely unstealthy
A: damage resistance, recharge devices, claws 1, blurry vision 2, clumsy 1,
deformed body, frail 1, low mp 2, negative energy resistance 1, sense
surroundings 3, screaming 1, slow regeneration 3, subdued magic 1
a: Device Recharging, Minor Destruction, Lesser Servant of Makhleb, Major
Destruction, Greater Servant of Makhleb, Renounce Religion, Evoke Invisibility
}: 3/15 runes: barnacled, silver, gossamer


You were on level 5 of the Pits of Slime.
You worshipped Makhleb.
Makhleb was exalted by your worship.
You were hungry.

You visited 10 branches of the dungeon, and saw 53 of its levels.
You visited the Abyss 1 time.
You also visited: Labyrinth, Sewer, Ice Cave and Volcano.

You collected 7050 gold pieces.
You spent 1670 gold pieces at shops.

Inventory:

Hand Weapons
 B - a +9 executioner's axe of freezing (weapon)
Missiles
 g - 8 silver tomahawks (quivered)
 y - 5 steel tomahawks
 P - 52 javelins
Armour
 j - the +14 crystal plate armour "Ereajegh" (worn) {MP+9}
   (You acquired it in a volcano)

   It affects your magic capacity (+9).
 l - a +2 cloak of invisibility (worn)
 E - a +0 pair of gloves of strength (worn)
 U - a +0 pair of boots (worn)
 X - a +0 hat of magic resistance (worn)
Jewellery
 a - the ring "Himyif" {+Inv rN+ MR+ Stlth+}
   (You acquired it on level 3 of the Vaults)

   [ring of stealth]

   It protects you from negative energy.
   It affects your resistance to hostile enchantments.
   It lets you turn invisible.
   It makes you more stealthy.
 c - the brooch of Shielding (around neck) {Reflect SH+8}
   (You found it on level 4 of the Shoals)

   [amulet of reflection]

   It shields you and reflects attacks.
   It affects your SH (+8).
 s - a ring of resist corrosion (right hand)
 Y - the ring "Kitzusa" (left hand) {rElec EV+2 Stlth+}
   (You took it off a vault warden on level 5 of the Vaults)

   [ring of evasion]

   It affects your evasion (+2).
   It insulates you from electricity.
   It makes you more stealthy.
Wands
 e - a wand of heal wounds (4/9)
 x - a wand of disintegration (6/24)
 K - a wand of teleportation (6/9)
 W - a wand of digging (12/24)
Scrolls
 b - 4 scrolls of blinking
 t - 5 scrolls of fog
 A - 2 scrolls of silence
 F - 13 scrolls of remove curse
 L - a scroll of recharging
 N - 28 scrolls of identify
 O - 4 scrolls of magic mapping
 R - 9 scrolls of teleportation
 T - 8 scrolls of fear
Potions
 d - 3 potions of might
 n - 6 potions of invisibility
 p - 22 potions of curing
 u - 2 potions of resistance
 z - 3 potions of cancellation
 C - 4 potions of berserk rage
 G - 12 potions of heal wounds
 I - 6 potions of haste
Books
 r - a manual of Throwing
 H - a manual of Armour
Miscellaneous
 Q - a fan of gales
Comestibles
 f - 25 bread rations
 h - 52 fruits


   Skills:
 - Level 20.3 Fighting
 - Level 20.0 Axes
 + Level 14.8 Throwing
 - Level 19.3 Armour
 - Level 16.3 Dodging
   Level 3.2 Shields
 - Level 10.1 Spellcasting
 - Level 12.6 Necromancy
 - Level 12.1 Translocations
 - Level 12.9 Invocations


You had 27 spell levels left.
You knew the following spells:

 Your Spells              Type           Power        Failure   Level  Hunger
a - Blink                 Tloc           N/A          1%          2    None
b - Repel Missiles        Chrm/Air       #.....       98%         2    None
c - Apportation           Tloc           ####......   1%          1    None
d - Portal Projectile     Tloc           ####..       1%          3    #......
e - Control Undead        Necr           ####......   8%          4    ###....
f - Summon Butterflies    Summ           #.......     91%         1    None
q - Vampiric Draining     Necr           ####......   1%          3    #......


Dungeon Overview and Level Annotations

Branches:
Dungeon (15/15)            Temple (1/1) D:6            Lair (8/8) D:11
 Shoals (4/4) Lair:3       Spider (4/4) Lair:4        Slime (6/6) Lair:8
    Orc (2/2) D:11            Elf (3/3) Orc:2        Vaults (5/5) D:13
  Crypt (0/3) Vaults:3     Depths (5/5) D:15
    Zot: Depths:5

Altars:
Ashenzari
Cheibriados
Dithmenos
Fedhas
Gozag
Kikubaaqudgha
Makhleb
Nemelex Xobeh
Okawaru
Qazlal
Ru
Sif Muna
Trog
Vehumet
Xom
Yredelemnul
Zin
The Shining One
Beogh
Jiyva

Shops:
D:8 (   Orc:2 *=([   Elf:3 }   Shoals:4 :   Vaults:1 (   Depths:5 [

Portals:
Hell: Depths:1 Depths:2 Depths:3 Depths:4
Abyss: Depths:4
Pandemonium: Depths:3 Depths:4
Trove: D:10 (give potion of experience)

Annotations:
D:5 exclusion: statue
D:10 treaure trove potion of exp
Lair:4 enleve l'anneau "ici" !
Slime:6 Royal Jelly
Orc:2 ring of evaseion 5
Vaults:4 recupère ton matos !
Depths:5 xathua escalier en bas a droite !, Xtahua


Innate Abilities, Weirdness & Mutations

You are resistant to damage.
You can recharge devices by infusing magical energy.
You resist negative energy.
You passively map a large area around you.
You do not regenerate naturally.
You have sharp fingernails.
Scrolls take you longer to read.
You are clumsy. (Dex -2)
Armour fits poorly on your strangely shaped body.
You are frail (-10% HP).
Your magical capacity is very low (-20% MP).
You occasionally shout uncontrollably at your foes.
Your spells are a little easier to cast, but a little less powerful.


Message History

The acid blob spits acid at you. The splash of acid hits you! You resist.
The acid burns!
You resist.
* * * LOW HITPOINT WARNING * * *
The jelly hits you but does no damage.
You climb upwards.
There is a stone staircase leading down here.
Evoke which item? (* to show all) (? for menu, Esc to quit)
Zapping:
e - a wand of heal wounds (5/9)
Press: ? - help, Shift-Dir - straight line, f - you You feel much better.
This wand has 4 charges left.
The azure jelly hits you but does no damage. x3
You block the azure jelly's attack. The jelly barely misses you.
A demon appears!
You feel somewhat more hungry. The azure jelly barely misses you.
The azure jelly hits you but does no damage.
You block the azure jelly's attack.
The azure jelly hits you but does no damage.
The jelly closely misses you. The azure jelly hits you.
The azure jelly freezes you!!
You die...

* ,* , , , , , ,.....
..# * ,,.....###.. ,, ,
,,........#. ## ##* *
,* .........##.##.## *
* * , .................
* ...............# , ,,
,........>.....###* ,,
.......@...#.##.### ,
,,,,.......JJ...##....#
, ,.......2.......... ,
...............## * ,
..#............# *
,.#......#.....##
..#....#.....## * ,
..##....#.....## ,
###.###.<...#


You could see an azure jelly, a jelly and a friendly blizzard demon.

Vanquished Creatures
  Mara (Depths:4)
  The ghost of rockintein the Axe Maniac, a veteran MiBe of the Shining One (Depths:4)
  The ghost of raikaria the Slingshot, a veteran HaHu of Okawaru (Depths:2)
  A golden dragon (Depths:2)
  the Enchantress (Depths:4)
  2 liches
  Jorgrun (Vaults:3)
  The ghost of protoss039 the Executioner, an adept MiBe of Trog (Lair:6)
  Rupert (D:15)
  A tentacled monstrosity (Depths:2)
  2 titans
  A deep elf blademaster (Elf:3)
  2 quicksilver dragons (Vaults:5)
  8 acid blobs
  An eldritch tentacle (Depths:1)
  Gastronok (D:8)
  2 sphinxes
  5 shadow dragons
  2 storm dragons
  4 tengu reavers
  2 azure jellies
  2 ghost moths (Spider:4)
  7 fire giants
  Maud (D:10)
  7 frost giants
  3 orc warlords
  7 deep elf sorcerers (Elf:3)
  A balrug (Depths:2)
  8 vault wardens
  The ghost of ThereIsNoGod the Fencer, an adept GrFi of Okawaru (Spider:1)
  4 emperor scorpions
  3 deep elf elementalists (Elf:3)
  A caustic shrike zombie (Depths:1)
  A reaper (Abyss:3)
  4 spriggan defenders
  16 ironheart preservers
  A ghoul (Vaults:1)
  14 very ugly things
  15 stone giants
  6 caustic shrike skeletons (Depths:4)
  3 war gargoyles (Vaults:5)
  2 vampire knights
  3 salamander stormcallers
  7 deep elf demonologists (Elf:3)
  A dire elephant (Depths:4)
  7 deep elf annihilators
  2 spark wasps
  13 merfolk impalers
  9 ettins
  3 merfolk javelineers
  5 fire dragons
  A green death (Abyss:3)
  4 deep elf death magi
  A crystal guardian (Vaults:4)
  23 vault guards
  A minotaur (Lab)
  3 deep elf high priests
  14 yaktaur captains
  8 great orbs of eyes
  3 ice dragons
  15 ogre magi
  Erolcha (Orc:1)
  3 rakshasas
  2 hydras
  5 entropy weavers
  A ghost crab (shapeshifter) (Elf:3)
  3 merfolk avatars
  6 spriggan air magi
  A satyr (Shoals:4)
  3 catoblepae
  5 merfolk aquamancers
  16 centaur warriors
  Erica (D:9)
  4 death knights
  3 alligator snapping turtles
  4 tengu warriors
  40 dancing weapons
  4 orc high priests (Orc:2)
  4 deep troll earth magi
  6 death yaks (Depths:4)
  7 deep troll shamans
  3 thrashing horrors (Abyss:3)
  Urug (D:11)
  A vampire mage (Vaults:3)
  16 deep elf knights
  7 spriggan berserkers
  6 hell knights
  2 wretched stars (Abyss:3)
  2 sun demons (Depths:2)
  2 fire crabs (Vaults:4)
  A shadow wraith (Vaults:5)
  A spatial maelstrom (Abyss:3)
  33 deep trolls
  5 skeletal warriors
  2 unseen horrors
  3 flayed ghosts
  11 sea snakes
  A deep troll (shapeshifter) (Depths:1)
  3 iron trolls (Depths:3)
  A lindwurm (Lair:7)
  13 deep elf archers
  A giant orange brain (Depths:2)
  11 wizards
  2 phantasmal warriors (Vaults:5)
  2 wolf spider zombies
  8 hill giants
  6 necromancers
  17 ironbrand convokers
  27 harpies
  17 orc knights
  8 griffons
  9 orb spiders
  56 deep elf magi
  A harpy (shapeshifter) (Vaults:3)
  5 shining eyes
  20 wolf spiders
  2 tengu skeletons (Depths:2)
  46 ugly things
  A faun (shapeshifter) (Vaults:3)
  11 hornets
  7 orc sorcerers
  3 salamanders (Vaults:2)
  A stone giant zombie (Abyss:3)
  8 manticores
  6 cyclopes
  2 manticores (shapeshifter)
  A fire giant skeleton (Depths:1)
  A frost giant skeleton (Depths:2)
  A moth of wrath (Spider:4)
  5 sirens
  4 fauns
  A salamander (shapeshifter) (Vaults:5)
  A sixfirhy (Abyss:3)
  An elephant (shapeshifter) (Vaults:5)
  11 elephants
  A black mamba (shapeshifter) (Vaults:4)
  A stone giant skeleton (Depths:2)
  A rust devil (Depths:3)
  9 spiny frogs
  2 eyes of devastation
  Maurice (D:9)
  A guardian serpent (shapeshifter) (Vaults:4)
  Psyche (D:8)
  2 water nymphs (shapeshifter)
  5 black mambas
  15 vault sentinels
  5 water nymphs
  5 torpor snails
  12 demonic crawlers
  A yaktaur (shapeshifter) (D:14)
  62 yaktaurs
  3 rime drakes
  The ghost of daning the Slasher, a novice HESk of Okawaru (D:4)
  3 kobold demonologists (D:14)
  10 freezing wraiths
  11 komodo dragons
  A spark wasp simulacrum (Depths:2)
  5 tengu conjurers
  30 merfolk
  6 trolls
  8 spriggan druids
  An ancient zyme (Abyss:3)
  4 polar bears (Lair:8)
  26 jumping spiders
  28 two-headed ogres
  11 raiju (Abyss:3)
  10 boulder beetles
  7 large abominations
  32 blink frogs
  108 slime creatures
  7 snapping turtles
  2 shadows
  5 air elementals
  24 water elementals
  Sigmund (D:2)
  52 spriggans
  A redback (shapeshifter) (Vaults:4)
  112 redbacks
  A dire elephant simulacrum (Abyss:3)
  An elf simulacrum (Depths:2)
  65 yaks
  2 tarantellas (shapeshifter)
  9 wraiths
  9 hippogriffs
  29 tarantellas
  2 basilisks
  10 golden eyes
  5 hungry ghosts
  3 wyverns
  A fire elemental (Elf:3)
  2 death yak simulacra (IceCv)
  18 humans (D:13)
  A steam dragon (D:7)
  8 vampire mosquitoes
  A spatial vortex (Abyss:3)
  4 mottled dragons
  9 wargs
  Menkaure (D:5)
  19 water moccasins
  2 insubstantial wisps (D:7)
  A hell hound (Abyss:3)
  Purgy (Sewer)
  A giant eyeball (shapeshifter) (D:14)
  12 porcupines
  5 eyes of draining
  60 orc warriors
  An ice beast (shapeshifter) (Vaults:3)
  6 ice beasts
  A spriggan simulacrum (Depths:2)
  21 wasps
  3 phantoms
  11 sky beasts
  An ice dragon simulacrum (Vaults:1)
  5 black bears
  49 ogres
  2 necrophages
  17 boggarts
  36 wolves
  17 crocodiles
  31 centaurs
  A big kobold (shapeshifter) (Vaults:3)
  3 big kobolds
  An elf zombie (D:15)
  A wyvern zombie (D:13)
  25 giant frogs
  An elf skeleton (D:15)
  5 earth elementals
  3 small abominations (Abyss:3)
  7 scorpions
  5 killer bees (D:12)
  A human simulacrum (Vaults:2)
  A troll skeleton (D:9)
  15 wights
  4 spriggan skeletons
  A howler monkey (D:5)
  7 electric eels
  2 centaur zombies
  3 giant frog zombies
  3 crimson imps
  A quasit (Abyss:3)
  9 starcursed masses (Abyss:3)
  23 orc priests
  8 hounds
  25 jellies
  7 centaur skeletons
  2 human zombies (D:15)
  3 giant frog skeletons
  12 iguanas
  36 orc wizards
  10 worker ants
  4 hell rats (Lair:7)
  A boulder beetle simulacrum (Vaults:1)
  An ogre zombie (D:15)
  A wolf simulacrum (IceCv)
  A killer bee zombie (D:8)
  24 sheep
  An ogre skeleton (D:15)
  2 hound skeletons
  11 adders
  46 river rats
  6 shadow imps
  14 white imps
  An ooze (D:1)
  An adder zombie (D:5)
  2 adder skeletons
  4 worms
  A dart slug (D:1)
  10 giant geckos
  125 orcs
  2 ball pythons
  14 bats
  8 giant cockroaches
  10 goblins
  7 hobgoblins
  11 jackals
  3 quokkas
  A giant gecko zombie (D:6)
  5 giant newts
  21 kobolds
  An orc skeleton (D:15)
  An orc zombie (D:15)
  A quokka zombie (D:5)
  4 rats
  2 bushes (Lair:7)
  A crawling corpse (Elf:3)
  16 fungi
  16 plants
2528 creatures vanquished.

Vanquished Creatures (collateral kills)
  Frederick (Depths:3)
  Nikola (Spider:1)
  Arachne (Spider:4)
  A tentacled monstrosity (Vaults:5)
  2 deep elf master archers (Elf:3)
  The ghost of Liquid the Whirler, an adept HaHu of Gozag (Spider:3)
  Ilsuiw (Shoals:4)
  An azure jelly (Slime:6)
  2 deep elf sorcerers (Elf:3)
  2 ghost moths (Spider:4)
  An orc warlord (D:11)
  An emperor scorpion (Spider:4)
  A vault warden (Vaults:5)
  A spriggan defender (Depths:4)
  2 deep elf demonologists (Elf:3)
  2 deep elf death magi (Elf:3)
  3 deep elf annihilators (Elf:3)
  2 merfolk impalers (Shoals:4)
  3 vault guards (Vaults:5)
  A fire dragon (Depths:1)
  2 deep elf high priests (Elf:3)
  A yaktaur captain (Vaults:5)
  7 hydras
  2 centaur warriors
  A merfolk avatar (Shoals:4)
  2 merfolk aquamancers (Shoals:4)
  A dancing weapon (Elf:2)
  A deep troll shaman (Vaults:5)
  A spriggan (Lair:8)
  2 hill giants
  A harpy (Shoals:4)
  3 orb spiders
  A hornet (Spider:4)
  A shining eye (Slime:6)
  2 deep elf magi
  3 wolf spiders (Spider:1)
  2 griffons
  2 sirens (Shoals:4)
  A water nymph (Shoals:4)
  A spiny frog (Lair:8)
  A gargoyle (Lair:1)
  A yaktaur (Depths:3)
  A komodo dragon (Lair:8)
  A demonic crawler (Spider:1)
  3 merfolk (Shoals:4)
  A jumping spider (Spider:3)
  2 slime creatures (Slime:6)
  A blink frog (Lair:4)
  A snapping turtle (Shoals:4)
  6 redbacks
  A spriggan (shapeshifter) (Vaults:5)
  A water elemental (Shoals:4)
  A tarantella (Spider:4)
  A yak (Lair:8)
  A wyvern (Lair:4)
  A hippogriff (Lair:8)
  A mottled dragon (D:15)
  A giant eyeball (shapeshifter) (Vaults:5)
  A water moccasin (Lair:7)
  A porcupine (Lair:4)
  An ice beast (IceCv)
  A wasp (Lair:8)
  3 wolves (Lair:8)
  3 centaurs
  A giant frog (Lair:4)
  A killer bee (D:12)
  An elephant simulacrum (IceCv)
  An iguana (D:12)
  5 river rats (Lair:6)
  3 white imps (IceCv)
  An orc (Vaults:5)
  2 crawling corpses (Elf:3)
118 creatures vanquished.

Vanquished Creatures (others)
  2 tengu reavers (Vaults:5)
  A vault warden (Vaults:2)
  A war gargoyle (Vaults:5)
  A stone giant (Vaults:5)
  A vault guard (Vaults:5)
  2 yaktaur captains
  A centaur warrior (Depths:2)
  An ogre mage (Depths:2)
  2 deep elf knights
  A shadow wraith (Vaults:4)
  A deep elf archer (Elf:2)
  2 ironbrand convokers
  A phantasmal warrior (Vaults:5)
  A harpy (Vaults:4)
  An orc knight (Vaults:4)
  A faun (Shoals:1)
  A siren (Shoals:4)
  5 yaktaurs
  A tarantella (Spider:3)
  A human (shapeshifter) (Vaults:1)
  A wasp (Spider:4)
  4 ogres
  2 boggarts (Depths:4)
  A scorpion (D:4)
  An iguana (D:4)
  An adder (D:4)
  An orc (D:4)
  A quokka (D:4)
  4 bushes
  A crawling corpse (Elf:3)
  16 fungi
  17 plants
78 creatures vanquished.

Grand Total: 2724 creatures vanquished

Notes
Turn   | Place    | Note
--------------------------------------------------------------
     0 | D:1      | spiff the Deep Dwarf Fighter began the quest for the Orb.
     0 | D:1      | Reached XP level 1. HP: 20/20 MP: 1/1
   173 | D:1      | Reached XP level 2. HP: 27/27 MP: 2/2
   744 | D:2      | Reached XP level 3. HP: 30/33 MP: 3/3
  1118 | D:2      | Noticed Sigmund
  1124 | D:2      | Killed Sigmund
  1124 | D:2      | Reached XP level 4. HP: 39/40 MP: 4/4
  1124 | D:2      | Reached XP level 5. HP: 45/46 MP: 5/5
  1393 | D:2      | Found a shadowy altar of Dithmenos.
  1536 | D:3      | Found a glowing drain.
  1567 | Sewer    | Entered a sewer
  1596 | Sewer    | Noticed Purgy
  1607 | Sewer    | Killed Purgy
  1607 | Sewer    | Reached XP level 6. HP: 54/57 MP: 6/6
  2072 | D:3      | Found a faded altar to an unknown god.
  2363 | D:4      | Reached skill level 5 in Fighting
  2482 | D:4      | Reached XP level 7. HP: 48/67 MP: 7/7
  2572 | D:4      | Found a shimmering altar of Xom.
  2636 | D:4      | Noticed daning's ghost (novice HESk)
  2654 | D:4      | Killed daning's ghost
  2654 | D:4      | Reached XP level 8. HP: 74/74 MP: 8/8
  3005 | D:4      | Found a shattered altar of Ashenzari.
  3005 | D:4      | Found a glowing golden altar of the Shining One.
  3232 | D:5      | Entered Level 5 of the Dungeon
  3689 | D:5      | Noticed Menkaure
  3695 | D:5      | Killed Menkaure
  3857 | D:5      | Found a radiant altar of Vehumet.
  4011 | D:5      | Found a blossoming altar of Fedhas.
  4291 | D:6      | Found a staircase to the Ecumenical Temple.
  4300 | Temple   | Entered the Ecumenical Temple
  4349 | Temple   | Became a worshipper of Makhleb the Destroyer
  4477 | D:6      | Gained mutation: You passively map the area around you. [Deep Dwarf growth]
  4477 | D:6      | Reached XP level 9. HP: 41/86 MP: 9/9
  4777 | D:7      | Found a shattered altar of Ashenzari.
  4939 | D:7      | Reached * piety under Makhleb
  5783 | D:7      | Noticed a hill giant
  5796 | D:7      | Killed a hill giant
  5796 | D:7      | Reached XP level 10. HP: 71/99 MP: 10/10
  5945 | D:8      | Reached skill level 10 in Dodging
  5947 | D:8      | Noticed Psyche
  5962 | D:8      | Killed Psyche
  5962 | D:8      | Reached ** piety under Makhleb
  5983 | D:8      | Found Luorar's Antique Weapon Shop.
  6092 | D:8      | You fall through a shaft for 2 floors!
  6092 | D:10     | Entered Level 10 of the Dungeon
  6112 | D:10     | Noticed a hill giant
  6120 | D:10     | Killed a hill giant
  6563 | D:9      | Noticed Maurice
  6649 | D:9      | Noticed Erica
  6650 | D:9      | Killed Maurice
  6650 | D:9      | Reached skill level 10 in Axes
  6662 | D:9      | Killed Erica
  7109 | D:9      | Reached XP level 11. HP: 106/106 MP: 11/11
  7303 | D:9      | Reached *** piety under Makhleb
  7559 | D:8      | Noticed Gastronok
  7847 | D:8      | Killed Gastronok
  8149 | D:10     | Noticed Maud
  8218 | D:10     | Killed Maud
  8309 | D:10     | Found a portal to a secret trove of treasure.
  8527 | D:10     | Reached **** piety under Makhleb
  8727 | D:10     | Got an ivory dagger
  8747 | D:10     | Identified the +2 dagger of Valiance {venom, Str+6} (You found it on level 10 of the Dungeon)
  8774 | D:10     | Killed an unseen horror
  9053 | D:11     | Noticed a white ugly thing
  9066 | D:11     | Killed a white ugly thing
  9102 | D:11     | Found a sacrificial altar of Ru.
  9272 | D:11     | Reached skill level 5 in Armour
  9324 | D:11     | Found a staircase to the Lair.
  9346 | D:11     | Found a staircase to the Orcish Mines.
  9534 | D:11     | Reached ***** piety under Makhleb
  9698 | D:11     | Reached XP level 12. HP: 114/114 MP: 11/11
  9794 | Lair:1   | Entered Level 1 of the Lair of Beasts
 10048 | Lair:1   | Found a labyrinth entrance.
 10054 | Lair:1   | Found a frozen archway.
 10065 | Lab      | Entered a labyrinth
 10156 | Lab      | Noticed a minotaur
 10169 | Lab      | Killed a minotaur
 10195 | Lab      | Got an opal-encrusted plate armour
 10226 | IceCv    | Entered an ice cave
 10235 | IceCv    | HP: 4/115 [elephant simulacrum (10)]
 10352 | Lair:1   | Identified the cursed +0 plate armour "Hinamis" {*Corrode Str+4 Int+2 Dex+4} (You found it in a labyrinth)
 10498 | Lair:1   | Reached skill level 10 in Fighting
 10907 | Lair:1   | Reached ****** piety under Makhleb
 11989 | Lair:3   | Found a staircase to the Shoals.
 12584 | Lair:4   | Noticed an eight-headed hydra
 12606 | Lair:4   | Killed a ten-headed hydra
 12821 | Lair:4   | Found a hole to the Spider Nest.
 12875 | Lair:4   | Reached XP level 13. HP: 77/130 MP: 10/10
 14847 | Lair:6   | Noticed protoss039's ghost (adept MiBe)
 14885 | Lair:6   | Killed protoss039's ghost
 14895 | Lair:6   | Reached skill level 1 in Invocations
 15277 | Lair:6   | Found a dark tunnel.
 15286 | Volcano  | Entered a volcano
 15327 | Volcano  | Reached skill level 5 in Invocations
 15403 | Volcano  | Identified 3 scrolls of acquirement
 15404 | Volcano  | Got a warped broad axe
 15405 | Volcano  | Identified the +7 broad axe "Hydrabane" {chop, Int+5} (You acquired it in a volcano)
 15410 | Volcano  | Got an obsidian-encrusted crystal plate armour
 15421 | Volcano  | Identified the +14 crystal plate armour "Ereajegh" {MP+9} (You acquired it in a volcano)
 16801 | Lair:7   | Gained mutation: You resist negative energy. [Deep Dwarf growth]
 16801 | Lair:7   | Reached XP level 14. HP: 144/144 MP: 18/18
 16859 | Lair:7   | Reached skill level 10 in Invocations
 17227 | Lair:8   | Entered Level 8 of the Lair of Beasts
 17927 | Lair:8   | Gained mutation: You are robust (+10% HP). [potion of beneficial mutation]
 18043 | Lair:8   | Found a viscous altar of Jiyva.
 18044 | Lair:8   | Found a staircase to the Slime Pits.
 18451 | Lair:8   | Reached skill level 10 in Armour
 18846 | Orc:1    | Entered Level 1 of the Orcish Mines
 19055 | Orc:1    | Found a roughly hewn altar of Beogh.
 19056 | Orc:1    | Noticed an orc warlord
 19074 | Orc:1    | Noticed Urug
 19133 | D:11     | Killed Urug
 19176 | D:11     | Killed an orc warlord
 19483 | Orc:1    | Noticed an orc warlord
 19503 | Orc:1    | Killed an orc warlord
 19549 | Orc:1    | Noticed an orc warlord
 19572 | Orc:1    | Killed an orc warlord
 19617 | Orc:1    | Identified Hemu's Collected Works on Clay
 19645 | Orc:1    | Noticed Erolcha
 19657 | Orc:1    | Killed Erolcha
 19657 | Orc:1    | Reached XP level 15. HP: 166/166 MP: 21/21
 20188 | Orc:2    | Entered Level 2 of the Orcish Mines
 20327 | Orc:2    | Found Geass's Jewellery Boutique.
 20357 | Orc:2    | Found a staircase to the Elven Halls.
 20467 | Orc:2    | Noticed an orc warlord
 20482 | Orc:2    | Killed an orc warlord
 20625 | Orc:2    | Found Maxumoam's Antique Armour Boutique.
 20853 | Orc:2    | Found Ylerhasa's Antique Weapon Shop.
 21002 | Orc:2    | Found Urcho's General Store.
 21093 | Orc:2    | Bought a +5 ring of evasion for 825 gold pieces
 21508 | D:12     | Identified Emano's Compendium of Hurtful Evil Rituals
 21672 | D:12     | Reached skill level 15 in Armour
 21987 | D:13     | Got a faintly humming chain mail
 21998 | D:13     | Identified the cursed +1 chain mail "Minie" {MR+++ rCorr Str-5 Int-2} (You found it on level 13 of the Dungeon)
 22467 | D:13     | Found a gate to the Vaults.
 22692 | Lair:2   | Learned a level 3 spell: Vampiric Draining
 22729 | Spider:1 | Entered Level 1 of the Spider Nest
 22829 | Spider:1 | Noticed ThereIsNoGod's ghost (adept GrFi)
 22849 | Spider:1 | Killed ThereIsNoGod's ghost
 22849 | Spider:1 | Reached skill level 1 in Spellcasting
 22849 | Spider:1 | Reached skill level 1 in Necromancy
 23017 | Spider:1 | Noticed Nikola
 23517 | D:14     | Reached XP level 16. HP: 162/174 MP: 22/22
 23950 | D:14     | Found a shimmering altar of Xom.
 24524 | D:15     | Entered Level 15 of the Dungeon
 24574 | D:15     | Found a basalt altar of Yredelemnul.
 24753 | D:15     | Reached skill level 5 in Necromancy
 24788 | D:15     | Noticed Rupert
 24799 | D:15     | Killed Rupert
 24896 | D:15     | Found a staircase to the Depths.
 25692 | Spider:1 | Killed Nikola
 25984 | Spider:1 | Got a vibrating silver ring
 25985 | Spider:1 | Identified the ring of Celeseag {Ice rPois} (You found it on level 1 of the Spider Nest)
 26353 | Spider:1 | Reached skill level 5 in Spellcasting
 27618 | Spider:3 | Noticed Liquid's ghost (adept HaHu)
 27623 | Spider:3 | Killed Liquid's ghost
 27979 | Spider:4 | Entered Level 4 of the Spider Nest
 28019 | Spider:4 | Reached XP level 17. HP: 182/182 MP: 22/22
 28089 | Spider:4 | Noticed Arachne
 28107 | Spider:4 | Killed Arachne
 29409 | Spider:4 | Got a gossamer rune of Zot
 29582 | Shoals:1 | Entered Level 1 of the Shoals
 29841 | Shoals:1 | Reached skill level 10 in Necromancy
 30569 | Shoals:2 | Identified the Handbook of Quantum Clay
 31722 | Shoals:3 | Gained mutation: You passively map a large area around you. [Deep Dwarf growth]
 31722 | Shoals:3 | Reached XP level 18. HP: 192/192 MP: 26/26
 32013 | Shoals:4 | Entered Level 4 of the Shoals
 32013 | Shoals:4 | Found Ekar's Book Boutique.
 32048 | Shoals:4 | Bought a book of Spatial Translocations for 845 gold pieces
 32106 | Shoals:4 | Noticed Ilsuiw
 32153 | Shoals:4 | Killed Ilsuiw
 32671 | Shoals:4 | Got a barnacled rune of Zot
 32890 | Shoals:4 | Identified Fadiec's Papyrus of the Merchant (You found it on level 4 of the Shoals)
 32953 | Shoals:4 | Learned a level 2 spell: Blink
 32956 | Shoals:4 | Learned a level 2 spell: Repel Missiles
 33073 | Shoals:3 | Reached skill level 10 in Spellcasting
 33405 | Vaults:1 | Entered Level 1 of the Vaults
 33672 | Vaults:1 | Reached skill level 15 in Axes
 34108 | Vaults:1 | Found Dylollod's Antique Weapon Boutique.
 34285 | Vaults:1 | Reached XP level 19. HP: 200/200 MP: 29/29
 36634 | Vaults:3 | Noticed Jorgrun
 36647 | Vaults:3 | Killed Jorgrun
 36889 | Vaults:3 | Found a staircase to the Crypt.
 36930 | Vaults:3 | Got a crude granite ring
 36931 | Vaults:3 | Identified the ring "Himyif" {+Inv rN+ MR+ Stlth+} (You acquired it on level 3 of the Vaults)
 37353 | Vaults:4 | Reached XP level 20. HP: 209/209 MP: 30/30
 38846 | Lair:2   | Learned a level 1 spell: Apportation
 38850 | Lair:2   | Learned a level 3 spell: Portal Projectile
 38855 | Lair:2   | Learned a level 4 spell: Control Undead
 38979 | Elf:1    | Entered Level 1 of the Elven Halls
 39274 | Elf:1    | Reached skill level 15 in Dodging
 39511 | Elf:1    | Found a shimmering altar of Xom.
 39619 | Elf:1    | Lost mutation: You are robust (+10% HP). [a neqoxec]
 40914 | Elf:2    | Found a runed gate.
 40914 | Elf:2    | Found a runed gate.
 40914 | Elf:2    | Found a runed gate.
 41089 | Elf:2    | Reached XP level 21. HP: 198/198 MP: 31/31
 41121 | Elf:2    | Reached skill level 1 in Translocations
 41393 | Elf:2    | Reached skill level 5 in Translocations
 41438 | Elf:2    | Cast into level 3 of the Abyss (war axe of distortion)
 41999 | Elf:2    | Escaped the Abyss
 42632 | Depths:1 | Entered Level 1 of the Depths
 42875 | Depths:1 | Found a gateway to Hell.
 43012 | Depths:1 | Reached skill level 10 in Translocations
 43251 | Depths:2 | Noticed raikaria's ghost (veteran HaHu)
 43412 | Depths:2 | Killed raikaria's ghost
 43543 | Depths:2 | Reached skill level 1 in Throwing
 43617 | Depths:2 | Noticed a golden dragon
 43640 | Depths:2 | Killed a golden dragon
 43826 | Depths:2 | Reached skill level 5 in Throwing
 43973 | Depths:2 | Reached XP level 22. HP: 191/206 MP: 32/32
 44014 | Depths:3 | Noticed Frederick
 44033 | Depths:3 | Killed Frederick
 44127 | Depths:3 | Found a one-way gate leading to the halls of Pandemonium.
 44926 | Depths:3 | Reached skill level 10 in Throwing
 45247 | Depths:4 | Noticed rockintein's ghost (veteran MiBe)
 45303 | Depths:4 | Killed rockintein's ghost
 45449 | Depths:4 | Found a one-way gate to the infinite horrors of the Abyss.
 45968 | Depths:4 | Noticed the Enchantress
 45978 | Depths:4 | Killed the Enchantress
 45987 | Depths:4 | Got a faerie dragon armour
 45988 | Depths:4 | Identified the +3 faerie dragon armour {rElec Dex+4} (You took it off the Enchantress on level 4 of the Depths)
 46491 | Depths:4 | Found a bloodstained altar of Trog.
 46501 | Depths:4 | Reached XP level 23. HP: 211/211 MP: 33/33
 46852 | Depths:4 | Noticed Mara
 46863 | Depths:4 | Noticed spiff's illusion
 46866 | Depths:4 | Killed Mara
 47272 | Depths:5 | Entered Level 5 of the Depths
 47275 | Depths:5 | Found Tase's Antique Armour Shoppe.
 47280 | Depths:5 | Noticed Xtahua
 47629 | Elf:3    | Entered Level 3 of the Elven Halls
 47759 | Elf:3    | Reached skill level 15 in Fighting
 48071 | Elf:3    | Found a deep blue altar of Sif Muna.
 48130 | Elf:3    | Found Hyagh's Gadget Shoppe.
 49016 | Elf:3    | Got a shimmering iron ring
 49591 | Vaults:4 | Identified the ring "Xoubliur" {*Tele Int+5 SInv} (You took it off a deep elf demonologist on level 3 of the Elven Halls)
 50251 | Vaults:5 | Entered Level 5 of the Vaults
 50334 | Vaults:5 | Reached XP level 24. HP: 195/236 MP: 32/32
 50511 | Vaults:5 | Got a scorched ivory ring
 50748 | Vaults:4 | Identified the ring "Kitzusa" {rElec EV+2 Stlth+} (You took it off a vault warden on level 5 of the Vaults)
 50780 | Vaults:5 | Got a twitching silver ring
 50781 | Vaults:5 | Identified the ring of Optimism {*Confuse +Blink rC+ MR+++} (You found it on level 5 of the Vaults)
 50877 | Vaults:5 | Got a silver rune of Zot
 50892 | Vaults:5 | Learned a level 1 spell: Summon Butterflies
 52231 | Slime:1  | Entered Level 1 of the Pits of Slime
 52246 | Slime:1  | Gained mutation: You have sharp fingernails. [a shining eye]
 52250 | Slime:1  | Gained mutation: Scrolls take you a little longer to read. [a shining eye]
 52732 | Slime:2  | Gained mutation: You are frail (-10% HP). [a shining eye]
 52862 | Slime:2  | Gained mutation: Your spells are a little easier to cast, but a little less powerful. [a shining eye]
 52864 | Slime:2  | Gained mutation: Armour fits poorly on your strangely shaped body. [a shining eye]
 53141 | Slime:5  | Gained mutation: Scrolls take you longer to read. [a shining eye]
 53180 | Slime:6  | Entered Level 6 of the Pits of Slime
 53252 | Slime:6  | Gained mutation: You are clumsy. (Dex -2) [a shining eye]
 53294 | Slime:6  | Gained mutation: You occasionally shout uncontrollably at your foes. [a shining eye]
 53301 | Slime:6  | Gained mutation: Your magical capacity is low (-10% MP). [a shining eye]
 53302 | Slime:6  | Gained mutation: Your magical capacity is very low (-20% MP). [a shining eye]
 53340 | Slime:6  | Noticed the Royal Jelly
 53362 | Slime:5  | Slain by an azure jelly

Skill      XL: |  1  2  3  4  5  6  7  8  9 10 11 12 13 14 15 16 17 18 19 20 21 22 23 24 |
---------------+-------------------------------------------------------------------------+-----
Axes           | 3 6 8 11 14 16 19 20 | 20.0
Fighting       | 3 5 7 9 12 14 17 20 | 20.3
Dodging        | 6 9 10 16 | 16.3
Armour         | 6 8 12 16 17 18 19 | 19.3
Invocations    | 9 12 | 12.9
Spellcasting   | 2 6 8 10 | 10.1
Necromancy     | 2 7 11 12 | 12.6
Translocations | 12 | 12.1
Throwing       | 5 13 14 | 14.8
Shields        | |  3.2

Action                   |  1- 3 |  4- 6 |  7- 9 | 10-12 | 13-15 | 16-18 | 19-21 | 22-24 || total
-------------------------+-------+-------+-------+-------+-------+-------+-------+-------++-------
Melee: War axe           |   120 |   123 |   452 |   970 |   350 |       |       |       ||  2015
       Broad axe         |       |       |       |       |  1199 |  1857 |  1596 |       ||  4652
       Executioner's axe |       |       |       |       |       |       |   415 |  1482 ||  1897
 Fire: Blowgun           |       |       |       |    12 |       |       |       |       ||    12
Throw: Tomahawk          |       |       |       |     2 |       |       |       |       ||     2
       Javelin           |       |       |       |       |     2 |    14 |       |       ||    16
 Cast: Vampiric Draining |       |       |       |       |       |     2 |     7 |     1 ||    10
       Control Undead    |       |       |       |       |       |       |     5 |       ||     5
       Portal Projectile |       |       |       |       |       |       |       |     1 ||     1
       Blink             |       |       |       |       |       |       |       |     2 ||     2
Invok: Lesser Servant of |       |       |       |     3 |     8 |       |       |       ||    11
       Minor Destruction |       |       |       |     1 |       |       |       |       ||     1
       Greater Servant o |       |       |       |       |     7 |    15 |     1 |    19 ||    42
       Major Destruction |       |       |       |       |     3 |       |     1 |       ||     4
 Abil: Evoke Berserk Rag |     1 |     2 |     7 |    23 |    19 |     5 |       |       ||    57
       Device Recharging |       |       |       |     3 |       |     1 |       |     3 ||     7
Evoke: Wand              |       |     1 |    11 |    27 |     1 |     7 |     3 |    15 ||    65
       Sack of spiders   |       |       |       |     2 |       |       |       |       ||     2
       Phial of floods   |       |       |       |       |     1 |       |       |       ||     1
  Use: Scroll            |     4 |     9 |     9 |     9 |    14 |    15 |    12 |    12 ||    84
       Potion            |       |       |       |     1 |     1 |       |       |     1 ||     3
 Stab: Distracted        |       |       |       |     4 |     3 |     4 |     2 |     7 ||    20
       Petrified         |       |       |       |       |     1 |       |       |       ||     1
       Confused          |       |       |       |       |       |     2 |       |       ||     2
  Eat: Chunk             |     1 |     7 |    15 |    41 |    53 |    37 |    36 |    22 ||   212
       Bread ration      |       |       |     1 |     1 |       |     1 |       |     2 ||     5
       Fruit             |       |       |       |     2 |     1 |       |       |     4 ||     7
       Beef jerky        |       |       |       |       |       |     2 |       |       ||     2
Armor: Scale mail        |    66 |    78 |   194 |    31 |       |       |       |       ||   369
       Leather armour    |       |       |       |   104 |       |       |       |       ||   104
       Plate armour      |       |       |       |   110 |   178 |       |       |       ||   288
       Crystal plate arm |       |       |       |       |   810 |  1410 |   960 |  1141 ||  4321
Dodge: Dodged            |    32 |    47 |   162 |   478 |   718 |  1272 |   901 |  1091 ||  4701
Block: Shield            |    59 |    88 |   213 |    29 |       |       |       |       ||   389
       Buckler           |       |       |       |   166 |   543 |  1048 |   676 |       ||  2433
       Reflection        |       |       |       |       |       |    42 |    92 |    38 ||   172
       Other             |       |       |       |       |       |       |   264 |   644 ||   908
